 Dungeon Crawl Stone Soup version 0.31.0-32-g396128a36d (webtiles) character file.

Game seed: 13753348730889928421

3 spaghetti the Charlatan (level 1, 0/18 HPs)
             Began as a Naga Artificer on Mar 14, 2024.
             Slain by a hobgoblin (4 damage)
             ... on level 1 of the Dungeon.
             The game lasted 00:00:18 (167 turns).

spaghetti the Charlatan (Naga Artificer)             Turns: 167, Time: 00:00:19

Health: 0/18       AC:  2    Str: 14    XL:     1   Next: 50%
Magic:  1/1        EV:  9    Int: 11    God:
Gold:   0          SH:  0    Dex: 11    Spells: 0/0 levels left

rFire   . . .        a - +0 club
rCold   . . .        (no shield)
rNeg    . . .        b - +0 leather armour
rPois   +            (no helmet)
rElec   .            (no cloak)
rCorr   .            (no gloves)
SInv    +            (no barding)
Will    .....        (no amulet)
Stlth   +            (no ring)
HPRegen 0.23/turn    (no ring)
MPRegen 0.07/turn

%: no passive effects
@: short of breath, very slow
A: AC +0, large, see invisible, deformed body, poison resistance, slowness 2,
spit poison 1, naga tail 1
a: Spit Poison


You were on level 1 of the Dungeon.
You visited 1 branch of the dungeon, and saw 1 of its levels.

Inventory:

Hand Weapons
 a - a +0 club (weapon)
Armour
 b - a +0 leather armour (worn)
Wands
 c - a wand of flame (14)
 d - a wand of charming (15)
 e - a wand of iceblast (5)
Potions
 f - a potion of curing {unknown}


   Skills:
 + Level 1.5 Fighting
 - Level 1.5 Armour
 - Level 0.7 Dodging
 - Level 1.5 Stealth
 - Level 3.0 Evocations


You couldn't memorise any spells.
You didn't know any spells.
Your spell library was empty.

Dungeon Overview and Level Annotations

Branches:
Dungeon (1/15)

Altars:


Innate Abilities, Weirdness & Mutations

Your serpentine skin is tough. (AC +0)
You have supernaturally acute eyesight. (SInv)
Armour fits poorly on your strangely shaped body.
Your system is resistant to poisons. (rPois)
You cover ground very slowly.
You can spit poison.
You have a snake-like lower body.


Message History

Press: ? - help, Shift-Dir - straight line, f - goblin
Aim: a goblin, wielding a +0 club (43% to hit)
The splash of poison hits the goblin.
You kill the goblin!
Unknown command.
You are too injured to fight recklessly!
A hobgoblin comes into view.
A quokka comes into view.
Found a stone staircase leading down.
The hobgoblin shouts!
You have got your breath back.
The goblin hits you with a +0 dagger. x2
You are too injured to fight recklessly!
You are too injured to fight recklessly!
You are too injured to fight recklessly!
You are too injured to fight recklessly!
You are too injured to fight recklessly!
You are too injured to fight recklessly!
You are too injured to fight recklessly!
You are too injured to fight recklessly!
You are too injured to fight recklessly!
You are too injured to fight recklessly!
You are too injured to fight recklessly!
You are too injured to fight recklessly!
Aiming: Spit Poison (3% risk of failure)
Press: ? - help, Shift-Dir - straight line, f - goblin
Aim: a goblin, wielding a +0 dagger (43% to hit)
The splash of poison hits the goblin!
The goblin is poisoned.
You kill the goblin!
Unknown command.
You are too injured to fight recklessly!
The quokka bites you.
The hobgoblin hits you but does no damage.
The quokka bites you.
* * * LOW HITPOINT WARNING * * *
Aiming: Throw Flame
Press: ? - help, Shift-Dir - straight line, f - quokka
Aim: a quokka (60% to hit)
The puff of flame misses the quokka.
The hobgoblin hits you.
You die...

............# #.#
...............# #.# .
..............# #.#
................# #.#
................# #.#
.....?........# ##.##
#.#.....>..######....
#...g..).............
#####r@......######....
..>....)......# #....
######........# #....
##.##.##.# #....
#.......# #....
#.##.#### #.... #.##.#
#.... #.##.# .. #. .#
..


You could see a quokka and a hobgoblin.

Vanquished Creatures
  2 goblins (D:1)
  A frilled lizard (D:1)
3 creatures vanquished.

Notes
Turn   | Place    | Note
-------+----------+-------------------------------------------
     0 | D:1      | spaghetti the Naga Artificer began the quest for the Orb.
     0 | D:1      | Reached XP level 1. HP: 18/18 MP: 1/1
   132 | D:1      | Found a faded altar of an unknown god.
   167 | D:1      | Slain by a hobgoblin

Illustrated notes

Levels and vault maps discovered:
D:1:      wander_arrival_estate, layout_loops_ring,
          ebering_ecumenical_altar_mist, wad_floor_pattern_1

Action                     || total
---------------------------++-------
  Melee: Club              ||     6
Ability: Spit Poison       ||     3
  Evoke: Wand              ||     1
 Armour: Leather armour    ||    11
  Dodge: Dodged            ||     4
